 Dungeon Crawl Stone Soup version 0.24.1-5-g77f818bfca (webtiles) character file.

Game seed: 3887416131052304275, levelgen mode: deterministic

11594 oneeyed the Bludgeoner (level 11, -2/106 HPs)
             Began as a Minotaur Berserker on Apr 25, 2020.
             Was a High Priest of Trog.
             Slain by a black mamba (10 damage)
             ... on level 2 of the Lair of Beasts.
             The game lasted 01:50:12 (12803 turns).

oneeyed the Bludgeoner (Minotaur Berserker)        Turns: 12803, Time: 01:50:12

Health: -2/106     AC: 15    Str: 24    XL:     11   Next: 51%
Magic:  19/19      EV: 10    Int:  7    God:    Trog [*****.]
Gold:   288        SH:  0    Dex: 11    Spells: 10/10 levels left

rFire    + + .     SeeInvis .   Q - +6 whip of the Insatiable Lovers {flame, Int+3}
rCold    + + .     Gourm    .   (no shield)
rNeg     . . .     Faith    .   J - +0 fire dragon scales
rPois    +         Spirit   .   (helmet restricted)
rElec    .         Reflect  .   (no cloak)
rCorr    .         Harm     .   y - +0 pair of gloves
MR       +++..     Clarity  +   I - +0 pair of boots Stlth ..........NoTele +
                                (no amulet)
HPRegen  1.27/turn              O - ring "Zyed" {-Tele rPois rC+++ MR+ MP+9}
MPRegen  0.16/turn              w - +3 ring of slaying

@: lethally poisoned (-2 -> -2), regenerating
A: retaliatory headbutt, horns 2, slimy green scales 1, clarity
a: Berserk, Trog's Hand, Brothers in Arms, Renounce Religion


You were on level 2 of the Lair of Beasts.
You worshipped Trog.
Trog was extremely pleased with you.
You were very hungry.

You visited 2 branches of the dungeon, and saw 12 of its levels.

You collected 468 gold pieces.
You spent 180 gold pieces at shops.

Inventory:

Hand Weapons
 p - a +2 flail
 K - a +0 flail of holy wrath
 Q - the +6 whip of the Insatiable Lovers (weapon) {flame, Int+3}
   (You found it on level 9 of the Dungeon)

   It has been specially enchanted to burn those struck by it, causing extra
   injury to most foes and up to half again as much damage against particularly
   susceptible opponents.
   It affects your intelligence (+3).
Missiles
 e - 7 curare-tipped darts
 g - 360 stones (quivered)
 C - 13 boomerangs
 E - a throwing net
 Z - 2 silver boomerangs
Armour
 b - a +0 large shield
 y - a +0 pair of gloves (worn)
 A - a +0 large shield
 I - a +0 pair of boots (worn)
 J - +0 fire dragon scales (worn)
 N - a +0 plate armour
Jewellery
 i - an uncursed ring of fire
 m - a cursed ring of fire
 r - an uncursed ring of magical power
 w - a +3 ring of slaying (right hand)
 D - an uncursed ring of positive energy
 O - the ring "Zyed" (left hand) {-Tele rPois rC+++ MR+ MP+9}
   (You found it on level 9 of the Dungeon)

   [ring of poison resistance]

   It renders you almost immune to cold.
   It protects you from poison.
   It affects your resistance to hostile enchantments.
   It affects your magic capacity (+9).
   It prevents most forms of teleportation.
 S - a +2 ring of evasion
Wands
 a - a wand of flame (17)
 F - a wand of polymorph (7)
 G - a wand of iceblast (18)
 M - a wand of scattershot (4)
Scrolls
 d - a scroll of amnesia
 f - 5 scrolls of immolation
 h - 6 scrolls of teleportation
 j - 3 scrolls of fog
 l - 3 scrolls of random uselessness
 n - 3 scrolls of enchant weapon
 o - a scroll of noise
 s - 3 scrolls of blinking
 u - a scroll of enchant armour
 B - a scroll of silence {unknown}
 L - a scroll of identify
 P - 2 scrolls of remove curse
Potions
 k - a potion of lignification
 q - a potion of ambrosia
 t - a potion of haste
 v - 3 potions of invisibility {unknown}
 x - 3 potions of curing
 z - 2 potions of flight {unknown}
 H - 2 potions of heal wounds
 W - 2 potions of mutation
 X - 3 potions of might
Miscellaneous
 R - a sack of spiders
Comestibles
 c - 15 rations


   Skills:
 + Level 12.8 Fighting
 + Level 15.5 Maces & Flails
 + Level 8.5 Armour
 - Level 2.2 Dodging


You had 10 spell levels left.
You didn't know any spells.
Your spell library contained the following spells:

 Spells                   Type           Power        Failure   Level  Hunger
 Infusion                 Chrm           #...         75%         1    ##.....
 Shroud of Golubria       Chrm/Tloc      #.....       87%         2    ###....
 Song of Slaying          Chrm           #.......     87%         2    ###....
 Spectral Weapon          Hex/Chrm       #.......     98%         3    ####...
 Iskenderun's Battlesphe  Conj/Chrm      #.......     100%        5    ######.
 Ring of Flames           Chrm/Fire      #.........   100%        7    #######


Dungeon Overview and Level Annotations

Branches:
Dungeon (10/15)            Temple (0/1) D:7            Lair (1/6) D:10
    Orc: D:9-12

Altars:
Cheibriados
Dithmenos
Elyvilon
Gozag
Kikubaaqudgha
Okawaru
Qazlal
Ru
Trog
Wu Jian
Xom
Lugonu

Shops:
D:7 *?

Portals:
Gauntlet: Lair:2

Annotations:
D:7 2 transporters


Innate Abilities, Weirdness & Mutations

You reflexively headbutt those who attack you in melee.
You have a pair of horns on your head.
You are partially covered in slimy green scales. (AC +2)
You possess an exceptional clarity of mind.


Message History

You barely miss the black mamba. Your headbutt misses the black mamba.
The black mamba bites you!
You are poisoned.
The black mamba poisons you!
You whack the black mamba! You burn the black mamba.
The black mamba is moderately wounded.
You feel sick. The black mamba bites you!
* * * LOW HITPOINT WARNING * * *
You feel sick. The black mamba bites you!
* * * LOW HITPOINT WARNING * * *
* * * LOW HITPOINT WARNING * * *
You feel sick. The black mamba misses you. You furiously retaliate!
You headbutt the black mamba.
* * * LOW HITPOINT WARNING * * *
You feel sick.
Your skin crawls.
You feel resistant to hostile enchantments.
You are feeling very hungry.
You feel sick. The black mamba bites you!
You die...

... ... #.. #.# . ##
##.## ..##P## #...#
.......### #...#
.........####.#
.........S@.P†####.##
.......#.#..>........
.......###P#P.####.##
.....$. ###..#
....... ##.# P.##.###
###.# ...## #...#
##...# ##..# #....#
####..####


You could see a black mamba.

Vanquished Creatures
  A hydra (Lair:2)
  Erica (D:9)
  2 two-headed ogres (D:9)
  Pikel (D:6)
  A deep elf mage (D:9)
  A spiny frog (Lair:2)
  2 trolls (D:9)
  Prince Ribbit (D:6)
  4 hippogriffs
  A wyvern (D:10)
  2 hungry ghosts
  Menkaure (D:7)
  6 orc warriors
  A slave (D:6)
  4 ice beasts
  3 necrophages
  4 sky beasts
  6 ogres
  2 centaurs
  Blork the orc (D:6)
  7 bullfrogs
  A gnoll sergeant (D:7)
  4 scorpions
  17 killer bees
  5 wights
  3 howler monkeys
  4 crimson imps
  A quasit (D:10)
  A bullfrog zombie (D:9)
  2 centaur skeletons (D:9)
  6 orc priests
  7 hounds
  8 jellies
  9 orc wizards
  Terence (D:2)
  Natasha (twice) (D:1)
  4 iguanas
  6 worker ants
  2 hound skeletons
  Robin (D:3)
  A worker ant zombie (D:9)
  A howler monkey skeleton (D:5)
  18 gnolls
  12 adders
  A river rat (D:5)
  5 shadow imps
  4 oozes
  4 adder skeletons
  An adder zombie (D:5)
  5 worms
  6 leopard geckos
  38 orcs
  4 giant cockroaches
  13 goblins
  13 hobgoblins
  7 jackals
  10 kobolds
  5 quokkas
  3 ball pythons
  8 bats
  6 frilled lizards
  A jackal skeleton (D:6)
  A quokka skeleton (D:4)
  A quokka zombie (D:8)
  6 rats
  A fungus (Lair:2)
311 creatures vanquished.

Vanquished Creatures (others)
  A sky beast (D:6)
  A slave (D:6)
  A centaur (D:6)
  A bullfrog (D:6)
  A leopard gecko (D:6)
5 creatures vanquished.

Grand Total: 316 creatures vanquished

Notes
Turn   | Place    | Note
-------+----------+-------------------------------------------
     0 | D:1      | oneeyed the Minotaur Berserker began the quest for the Orb.
     0 | D:1      | Reached XP level 1. HP: 19/19 MP: 0/0
   214 | D:1      | Reached skill level 4 in Maces & Flails
   249 | D:1      | Reached XP level 2. HP: 27/27 MP: 1/1
   989 | D:1      | Reached XP level 3. HP: 34/34 MP: 2/2
  1004 | D:2      | Noticed Natasha
  1017 | D:1      | Killed Natasha
  1017 | D:1      | Reached ** piety under Trog
  1017 | D:1      | Reached skill level 5 in Maces & Flails
  1027 | D:1      | Noticed Natasha
  1032 | D:1      | Killed Natasha
  1032 | D:1      | Reached XP level 4. HP: 24/41 MP: 3/3
  1342 | D:2      | Found a bloodstained altar of Trog.
  1344 | D:2      | Found an iron altar of Okawaru.
  1344 | D:2      | Found a stormy altar of Qazlal.
  1352 | D:2      | Found a shadowy altar of Dithmenos.
  1354 | D:2      | Found a white marble altar of Elyvilon.
  1354 | D:2      | Found a sacrificial altar of Ru.
  1380 | D:2      | Reached skill level 5 in Fighting
  1569 | D:2      | Found a shimmering altar of Xom.
  1601 | D:2      | Reached XP level 5. HP: 25/48 MP: 4/4
  1825 | D:2      | Reached skill level 6 in Maces & Flails
  1851 | D:2      | Noticed Terence
  1858 | D:2      | Killed Terence
  2450 | D:3      | Noticed Robin
  2762 | D:3      | Killed Robin
  2947 | D:3      | Found a shimmering altar of Xom.
  2962 | D:3      | Reached XP level 6. HP: 55/56 MP: 5/5
  3164 | D:3      | Reached skill level 7 in Maces & Flails
  3797 | D:4      | Reached skill level 8 in Maces & Flails
  3800 | D:4      | Reached XP level 7. HP: 34/64 MP: 6/6
  4123 | D:4      | Reached *** piety under Trog
  4382 | D:4      | Reached skill level 9 in Maces & Flails
  4844 | D:5      | Entered Level 5 of the Dungeon
  5093 | D:5      | Found a glowing drain.
  5170 | D:5      | Reached XP level 8. HP: 70/73 MP: 7/7
  5426 | D:5      | Reached skill level 10 in Maces & Flails
  5707 | D:5      | Gained mutation: You possess an exceptional clarity of
                  | mind. [potion of mutation]
  5707 | D:5      | Gained mutation: You are partially covered in slimy green
                  | scales. (AC +2) [potion of mutation]
  6122 | D:6      | Reached skill level 11 in Maces & Flails
  6168 | D:6      | Noticed Pikel
  6183 | D:6      | Killed Pikel
  6183 | D:6      | Reached XP level 9. HP: 79/83 MP: 8/8
  6285 | D:6      | Reached skill level 12 in Maces & Flails
  6386 | D:6      | Noticed Blork the orc
  6390 | D:6      | Killed Blork the orc
  6532 | D:6      | Noticed Prince Ribbit
  6539 | D:6      | Killed Prince Ribbit
  7264 | D:7      | Reached **** piety under Trog
  7266 | D:7      | Found Iqecheul's Magic Scroll Shop.
  7303 | D:7      | Found a staircase to the Ecumenical Temple.
  7311 | D:7      | Bought a scroll of blinking for 90 gold pieces
  7311 | D:7      | Bought a scroll of enchant armour for 90 gold pieces
  7369 | D:7      | Noticed a brown ugly thing
  7369 | D:7      | Noticed a cyan ugly thing
  7371 | D:7      | Noticed a brown ugly thing
  7418 | D:7      | Reached skill level 10 in Fighting
  7459 | D:7      | Reached skill level 13 in Maces & Flails
  7507 | D:7      | Found an opulent altar of Gozag.
  7507 | D:7      | Found Gozag's Platinum Reserve.
  7878 | D:7      | Noticed Menkaure
  7905 | D:7      | Killed Menkaure
  8167 | D:7      | Found a transporter.
  8171 | D:7      | Found a corrupted altar of Lugonu.
  8171 | D:7      | Found a transporter.
  8885 | D:8      | Found an ornate altar of the Wu Jian Council.
  8888 | D:8      | Reached XP level 10. HP: 90/94 MP: 9/9
  9260 | D:8      | Reached skill level 14 in Maces & Flails
  9665 | D:9      | Found an ancient bone altar of Kikubaaqudgha.
  9670 | D:9      | Found a snail-covered altar of Cheibriados.
  9720 | D:9      | Noticed a two-headed ogre
  9752 | D:9      | Killed a two-headed ogre
 10119 | D:9      | Reached ***** piety under Trog
 10372 | D:9      | Reached skill level 5 in Armour
 10377 | D:9      | Reached skill level 15 in Maces & Flails
 10811 | D:9      | Noticed Erica
 10821 | D:9      | Killed Erica
 10832 | D:9      | Noticed a two-headed ogre
 10837 | D:9      | Killed a two-headed ogre
 10837 | D:9      | Reached XP level 11. HP: 63/104 MP: 10/10
 11062 | D:9      | Noticed a deep elf mage
 11205 | D:9      | Killed a deep elf mage
 11539 | D:9      | Identified the Guide on Talismans
 11540 | D:9      | Got a bound brass ring
 11541 | D:9      | Got a bone whip
 11973 | D:9      | Identified the +6 whip of the Insatiable Lovers {flame,
                  | Int+3} (You found it on level 9 of the Dungeon)
 11975 | D:9      | Identified the ring "Zyed" {-Tele rPois rC+++ MR+ MP+9}
                  | (You found it on level 9 of the Dungeon)
 11988 | D:10     | Entered Level 10 of the Dungeon
 12564 | D:10     | Found a staircase to the Lair.
 12658 | Lair:1   | Entered Level 1 of the Lair of Beasts
 12679 | Lair:1   | You fall into a shaft and drop 1 floor!
 12703 | Lair:2   | Found a gate leading to a gauntlet.
 12751 | Lair:2   | Noticed a four-headed hydra
 12758 | Lair:2   | Killed a four-headed hydra
 12803 | Lair:2   | Slain by a black mamba

Levels and vault maps discovered:
D:1:      scummos_arrival_checkerplants, layout_basic
D:2:      layout_rooms, grunt_temple_overflow_open, serial_glass,
          glass_columns_c, glass_columns_a, uniq_terence, uniq_natasha
D:3:      layout_rooms, first_ration, tgw_xom, uniq_robin
D:4:      layout_loops_ring
D:5:      layout_loops_ring, portal_sewer_entry_b
D:6:      layout_basic, uniq_prince_ribbit1, uniq_pikel, uniq_blork_the_orc
D:7:      gammafunk_corrupted_shrine, layout_basic,
          nicolae_gozag_zags_fifth_avenue, minmay_temple_entry_junction,
          serial_shops, nicolae_shop_statue_plus, uniq_menkaure
D:8:      layout_loops_corners, old_standard_altar
D:9:      minmay_the_grid_3x2 [minmay_the_grid_minigrid_small_alt,
          minmay_the_grid_slots, minmay_the_grid_expand,
          minmay_the_grid_outer_circle, minmay_the_grid_minigrid_small,
          minmay_the_grid_prize_shrinking_boxes], layout_gridville, minitemple,
          uniq_erica
D:10:     layout_loops_cross, lair_entry_dummy
Lair:1:   layout_cave_pods
Lair:2:   layout_roguey [special_room_bee], minmay_swamp_entry_worms,
          gauntlet_entry_generic

Skill      XL: |  1  2  3  4  5  6  7  8  9 10 11 |
---------------+----------------------------------+-----
Maces & Flails | 4 5 6 8 9 11 13 15 | 15.5
Fighting       | 4 5 6 7 9 10 12 | 12.8
Armour         | 6 8 |  8.5
Dodging        | |  2.2

Action                   |  1- 3 |  4- 6 |  7- 9 | 10-12 || total
-------------------------+-------+-------+-------+-------++-------
Melee: Mace              |    59 |   166 |   108 |       ||   333
       Headbutt          |     7 |    36 |    69 |    60 ||   172
       Flail             |       |       |   187 |   276 ||   463
       Whip              |       |       |       |    55 ||    55
Invok: Trog's Hand       |       |     4 |     2 |     9 ||    15
       Berserk           |       |     1 |       |     1 ||     2
  Use: Scroll            |       |       |    15 |       ||    15
       Potion            |       |       |     4 |       ||     4
  Eat: Chunk             |       |     7 |    11 |    14 ||    32
       Ration            |       |     2 |     1 |     1 ||     4
Armor: Animal skin       |    20 |    25 |     8 |       ||    53
       Fire dragon scale |       |       |    64 |   164 ||   228
Dodge: Dodged            |    45 |   131 |   136 |   139 ||   451
